 Dungeon Crawl Stone Soup version 0.20.1-1-g8b1a95d (webtiles) character file.

183 equalderp2856 the Covered (level 5, -1/47 HPs)
             Began as a Minotaur Fighter on Aug 27, 2017.
             Slain by feelmyfire's ghost (5 damage)
             ... on level 3 of the Dungeon.
             The game lasted 00:03:32 (2239 turns).

equalderp2856 the Covered (Minotaur Fighter)        Turns: 2239, Time: 00:03:33

Health: -1/47      AC:  7    Str: 21    XL:     5   Next: 35%
Magic:  4/4        EV:  7    Int:  5    God:
Gold:   138        SH:  9    Dex: 10    Spells: 4/4 levels left

rFire    . . .     SeeInvis .   a - +0 war axe
rCold    . . .     Gourm    .   c - +0 shield
rNeg     . . .     Faith    .   b - +0 scale mail
rPois    .         Spirit   .   (helmet restricted)
rElec    .         Reflect  .   (no cloak)
rCorr    .         Harm     .   (no gloves)
MR       .....                  (no boots)
Stlth    ..........             (no amulet)
Regen    0.2/turn               (no ring)
MPRegen  0.1/turn               (no ring)

@: no status effects
A: retaliatory headbutt, horns 2
a: no special abilities


You were on level 3 of the Dungeon.
You were hungry.

You visited 1 branch of the dungeon, and saw 4 of its levels.

You collected 138 gold pieces.

Inventory:

Hand Weapons
 a - a +0 war axe (weapon)
Missiles
 s - a throwing net (quivered)
Armour
 b - a +0 scale mail (worn)
 c - a +0 shield (worn)
Jewellery
 q - an uncursed ring of protection from magic {unknown}
Scrolls
 h - 4 scrolls of identify {unknown}
 j - a scroll of enchant weapon {unknown}
 k - a scroll of recharging {unknown}
 o - 2 scrolls of remove curse {unknown}
 p - a scroll of teleportation {unknown}
 r - a scroll of random uselessness {unknown}
Potions
 d - 4 potions of might
 e - a potion of berserk rage {unknown}
 g - 2 potions of haste {unknown}
 m - 3 potions of heal wounds {unknown}
 t - a potion of mutation {unknown}
Comestibles
 f - 2 bread rations
 i - 4 fruits
 l - a royal jelly
 n - a meat ration


   Skills:
 + Level 4.5 Fighting
 + Level 4.3 Axes
 + Level 4.7 Armour
 + Level 0.4 Dodging
 + Level 4.7 Shields


You had 4 spell levels left.
You didn't know any spells.

Dungeon Overview and Level Annotations

Branches:
Dungeon (4/15)
 Temple: D:4-7

Altars:

Annotations:
D:3 feelmyfire's ghost, amateur DrGl


Innate Abilities, Weirdness & Mutations

You reflexively headbutt those who attack you in melee.
You have a pair of horns on your head.


Message History

Your headbutt misses feelmyfire's ghost.
Feelmyfire's ghost is almost destroyed.
Feelmyfire's ghost hits you.
* * * LOW HITPOINT WARNING * * *
You closely miss feelmyfire's ghost.
Feelmyfire's ghost is almost destroyed.
Feelmyfire's ghost barely misses you.
Feelmyfire's ghost feints to the left.
You block feelmyfire's ghost's attack.
Your shield and scale mail prevent you from hitting feelmyfire's ghost.
You headbutt feelmyfire's ghost, but do no damage.
Feelmyfire's ghost is almost destroyed.
You block feelmyfire's ghost's attack.
You barely miss feelmyfire's ghost.
Feelmyfire's ghost is almost destroyed.
Feelmyfire's ghost barely misses you.
You closely miss feelmyfire's ghost.
Feelmyfire's ghost is almost destroyed.
Feelmyfire's ghost hits you.
You die...

#.# ########## .# #.###
#........# ##.### #....
#........# .....# #....
#........# $....# #....
#........# .....# #....
#........# .....# #g...
#.<.....)###########.....# #.###
#.....†.........@W.......####'###
#####+##.##########.)....##....g.
#.# .......##...... #.#
#####'####!..... #.# $# #......
#.# # #...... #.# #...... #.#
#...... #.#+####### ##+##########


You could see feelmyfire's ghost.

Vanquished Creatures
  A hound (D:4)
  4 gnolls (D:2)
  5 adders (D:2)
  An ooze (D:1)
  A worm (D:2)
  A leopard gecko (D:1)
  2 orcs (D:3)
  3 giant cockroaches (D:2)
  6 goblins
  6 hobgoblins
  8 jackals (D:2)
  6 kobolds
  3 bats
  5 frilled lizards
  10 rats
62 creatures vanquished.

Notes
Turn   | Place    | Note
-------+----------+-------------------------------------------
     0 | D:1      | equalderp2856 the Minotaur Fighter began the quest for the Orb.
     0 | D:1      | Reached XP level 1. HP: 19/19 MP: 0/0
   226 | D:1      | Reached XP level 2. HP: 10/27 MP: 1/1
   839 | D:2      | Reached XP level 3. HP: 26/33 MP: 2/2
  1077 | D:2      | Reached XP level 4. HP: 28/40 MP: 3/3
  1332 | D:3      | Noticed feelmyfire's ghost (amateur DrGl)
  1428 | D:4      | Noticed an ogre
  1839 | D:2      | Reached XP level 5. HP: 38/46 MP: 4/4
  2239 | D:3      | Slain by feelmyfire's ghost

Skill      XL: |  1  2  3  4 |
---------------+-------------+-----
Armour         | 4 |  4.7
Axes           | 3 4 |  4.3
Fighting       | 4 |  4.5
Shields        | 4 |  4.7
Dodging        | |  0.4

Action                   |  1- 3 |  4- 6 || total
-------------------------+-------+-------++-------
Melee: War axe           |    92 |    98 ||   190
       Headbutt          |     9 |    13 ||    22
  Eat: Chunk             |       |     4 ||     4
Armor: Scale mail        |    77 |    36 ||   113
Dodge: Dodged            |    28 |    40 ||    68
Block: Shield            |    62 |    72 ||   134
